 Dungeon Crawl Stone Soup version 0.26.1-2-gb8aa6d0cf2 (webtiles) character file.

Game seed: 9212401114886485724

119 Groucho the Covert (level 4, 0/21 HPs)
             Began as a Spriggan Enchanter on Feb 20, 2021.
             Slain by a jackal (2 damage)
             ... on level 3 of the Dungeon.
             The game lasted 00:08:02 (4731 turns).

Groucho the Covert (Spriggan Enchanter)             Turns: 4731, Time: 00:08:03

Health: 0/21       AC:  5    Str:  4    XL:     4   Next: 74%
Magic:  1/9        EV: 18    Int: 17    God:
Gold:   79         SH:  0    Dex: 16    Spells: 2/8 levels left

rFire    . . .     SeeInvis +   a - +1 dagger
rCold    . . .     Faith    .   (shield restricted)
rNeg     . . .     Spirit   .   b - +0 robe
rPois    .         Reflect  .   (helmet restricted)
rElec    .         Harm     .   q - +2 cloak
rCorr    .         Rampage  .   (gloves unavailable)
Will     .....                  (boots unavailable)
Stlth    ++++......             (no amulet)
HPRegen  0.07/turn              (no ring)
MPRegen  0.11/turn              (no ring)

@: slowed, quick
A: very small, unfitting armour, see invisible, speed 3
a: no special abilities


You were on level 3 of the Dungeon.
You visited 1 branch of the dungeon, and saw 3 of its levels.

You collected 79 gold pieces.

Inventory:

Hand Weapons
 a - a +1 dagger (weapon)
 f - a +0 short sword of flaming
Armour
 b - a +0 robe (worn)
 q - a +2 cloak (worn)
Jewellery
 d - a cursed ring of teleportation
 j - an uncursed amulet of the acrobat {unknown}
 o - an uncursed amulet of faith {unknown}
Scrolls
 c - a scroll of amnesia
 k - a scroll of remove curse
 p - a scroll of magic mapping {unknown}
 r - a scroll of teleportation {unknown}
 s - a scroll of enchant armour {unknown}
Potions
 e - a potion of haste {unknown}
 g - a potion of mutation {unknown}
 l - a potion of curing
 m - a potion of invisibility {unknown}
 n - a potion of lignification {unknown}


   Skills:
 - Level 1.1 Short Blades
 - Level 3.0 Dodging
 * Level 8.6 Stealth
 - Level 2.6 Spellcasting
 - Level 3.6 Hexes


You had 2 spell levels left.
You knew the following spells:

 Your Spells              Type           Power        Failure   Level
a - Corona                Hex            15%          4%          1
b - Ensorcelled Hibernat  Hex/Ice        16%          13%         2
c - Confusing Touch       Hex            14%          12%         3

Your spell library contained the following spells:

 Spells                   Type           Power        Failure   Level
 Tukima's Dance           Hex            14%          12%         3
 Dazzling Flash           Conj/Hex       16%          26%         3


Dungeon Overview and Level Annotations

Branches:
Dungeon (3/15)

Altars:
Ashenzari
Cheibriados
Gozag
Nemelex Xobeh
Ru
Sif Muna


Innate Abilities, Weirdness & Mutations

You are very small and have problems with some larger weapons.
You are too small for most types of armour.
You have supernaturally acute eyesight. (SInv)
You cover ground extremely quickly.


Message History

The jackal barks!
The orc wizard barely misses you. The jackal misses you.
The orc wizard completely misses you. The orc hits you with a +0 dagger.
* * * LOW HITPOINT WARNING * * *
The orc wizard hits you with a +0 dagger.
* * * LOW HITPOINT WARNING * * *
The jackal barely misses you. The orc misses you.
The orc wizard barely misses you. The orc closely misses you.
Okay, then.
As you read the scroll labelled ZOW URUTTIYKK, it crumbles to dust.
The creatures around you are filled with an inner flame!
It was a scroll of immolation.
The orc wizard is no longer moving quickly.
The orc wizard misses you. The jackal misses you.
The orc hits you with a +0 club.
* * * LOW HITPOINT WARNING * * *
The orc wizard casts a spell at you.
The magic dart hits you but does no damage.
The jackal bites you.
You die...

#. #...# ## #.# #.<.#
... ##.###...#
....##........#
...#....#....#
#...#.#.....#
###....o#.#####
#.....ooo.# ##.hh@o.#
#..###)## ######..#
#..# .....h..# ##.####
. .......# #....#
..##.....## #....#
..........####...#
.......o.........#
....#.............#...#


You could see 2 orc wizards, 3 orcs and 3 jackals.

Vanquished Creatures
  A worker ant (D:2)
  A howler monkey skeleton (D:2)
  4 adders (D:2)
  A worm (D:2)
  2 leopard geckos
  2 orcs (D:3)
  A ball python (D:2)
  11 bats
  4 hobgoblins
  3 kobolds (D:1)
  A quokka (D:2)
  2 frilled lizards (D:2)
  10 goblins
  A rat (D:2)
44 creatures vanquished.

Notes
Turn   | Place    | Note
-------+----------+-------------------------------------------
     0 | D:1      | Groucho the Spriggan Enchanter began the quest for the Orb.
     0 | D:1      | Reached XP level 1. HP: 9/9 MP: 5/5
   120 | D:1      | Reached skill level 5 in Stealth
   775 | D:2      | Reached XP level 2. HP: 9/13 MP: 6/6
  1072 | D:2      | Found a sparkling altar of Nemelex Xobeh.
  1124 | D:2      | Found an opulent altar of Gozag.
  1137 | D:2      | Learned a level 2 spell: Ensorcelled Hibernation
  1493 | D:2      | Reached skill level 6 in Stealth
  1915 | D:2      | Reached XP level 3. HP: 16/16 MP: 8/8
  1919 | D:2      | Learned a level 3 spell: Confusing Touch
  1960 | D:2      | Reached skill level 7 in Stealth
  1977 | D:2      | Found a faded altar of an unknown god.
  1977 | D:2      | Found a broken altar of Ashenzari.
  1992 | D:2      | Found a shimmering blue altar of Sif Muna.
  1994 | D:2      | Found a snail-covered altar of Cheibriados.
  1996 | D:2      | Found a sacrificial altar of Ru.
  2133 | D:2      | Reached XP level 4. HP: 21/21 MP: 1/9
  2740 | D:1      | Reached skill level 8 in Stealth
  4731 | D:3      | Slain by a jackal

Illustrated notes

Levels and vault maps discovered:
D:1:      dpeg_arrival_tiny_j, layout_rooms, serial_glass, glass_columns_a,
          glass_columns_b
D:2:      layout_loops_corners, nemelex_xobeh_ov_fountains_minmay,
          chequers_temple_overflow_minitemple, overflow_temple_1_default,
          serial_forest, infiniplex_forest_end_3, infiniplex_forest_clump_small,
          infiniplex_forest_lined_1, infiniplex_forest_straight_4,
          infiniplex_forest_diagonal, infiniplex_forest_diagonal,
          infiniplex_forest_end_double, infiniplex_forest_end_3
D:3:      layout_rooms, serial_curves, eino_curves_01, eino_curves_03,
          minmay_misc_feat_columns, hangedman_decor_points,
          minmay_divided_ellipse

Skill      XL: |  1  2  3  4 |
---------------+-------------+-----
Stealth        | 5 6 7 8 |  8.6
Short Blades   | |  1.1
Dodging        | |  3.0
Spellcasting   | |  2.6
Hexes          | |  3.6

Action                   |  1- 3 |  4- 6 || total
-------------------------+-------+-------++-------
Melee: Dagger            |    86 |    34 ||   120
 Cast: Ensorcelled Hiber |     2 |    21 ||    23
       Corona            |       |     2 ||     2
  Use: Scroll            |       |     4 ||     4
       Potion            |       |     2 ||     2
 Stab: Sleeping          |    10 |    21 ||    31
Armor: Robe              |    12 |     7 ||    19
Dodge: Dodged            |    74 |    40 ||   114
